 Dungeon Crawl Stone Soup version 0.29-a0-817-g9904bce7a6 (webtiles) character file.

Game seed: 12679685913168327777

114 pericles the Trooper (level 4, -4/42 HPs)
             Began as a Minotaur Fighter on July 5, 2022.
             Was a Believer of Fedhas.
             Slain by Brotato's ghost (12 damage)
             ... on level 3 of the Dungeon.
             The game lasted 00:18:47 (1092 turns).

pericles the Trooper (Minotaur Fighter)             Turns: 1092, Time: 00:18:48

Health: -4/42      AC:  7    Str: 22    XL:     4   Next: 66%
Magic:  3/3        EV:  9    Int:  5    God:    Fedhas [**....]
Gold:   153        SH:  9    Dex: 10    Spells: 3/3 levels left

rFire   . . .      SeeInvis +   a - +0 war axe
rCold   . . .      Faith    .   c - +0 buckler
rNeg    . . .      Spirit   .   b - +0 scale mail
rPois   .          Reflect  +   (helmet restricted)
rElec   .          Harm     .   (no cloak)
rCorr   .          Rampage  .   (no gloves)
Will    .....                   (no boots)
Stlth   ..........              g - amulet of reflection
HPRegen 0.14/turn               o - ring of see invisible
MPRegen 0.08/turn               (no ring)

@: no status effects
A: horns 2, retaliatory headbutt
a: Renounce Religion, Wall of Briars


You were on level 3 of the Dungeon.
You worshipped Fedhas.
Fedhas was pleased with you.
You visited 1 branch of the dungeon, and saw 3 of its levels.

You collected 153 gold pieces.

Inventory:

Hand Weapons
 a - a +0 war axe (weapon)
 e - a +0 dagger
 m - a +0 whip
Missiles
 p - 16 stones (quivered)
Armour
 b - a +0 scale mail (worn)
 c - a +0 buckler (worn)
 l - a +0 scale mail
Jewellery
 g - an amulet of reflection (around neck)
 o - a ring of see invisible (left hand)
Wands
 i - a wand of polymorph (10)
 j - a wand of digging (5)
Scrolls
 f - a scroll of torment {unknown}
 h - a scroll of blinking {unknown}
 k - a scroll of teleportation {unknown}
 n - 3 scrolls of identify {unknown}
 q - 2 scrolls of fear {unknown}
Potions
 d - a potion of might
 t - a potion of heal wounds {unknown}


   Skills:
 + Level 5.0 Fighting
 + Level 3.4 Axes
 + Level 3.8 Armour
 + Level 0.2 Dodging
 + Level 4.8 Shields


You had 3 spell levels left.
You didn't know any spells.
Your spell library was empty.

Dungeon Overview and Level Annotations

Branches:
Dungeon (3/15)

Altars:
Fedhas
Yredelemnul

Annotations:
D:3 Brotato's ghost, amateur PaFi


Innate Abilities, Weirdness & Mutations

You have a pair of horns on your head.
You reflexively headbutt those who attack you in melee.


Message History

A frilled lizard comes into view.
The frilled lizard hisses angrily.
The frilled lizard barely misses you.
You slash the frilled lizard!
You kill the frilled lizard!
Fedhas appreciates your contribution to the ecosystem.
No target in view!
You see here a +0 dagger.
You see here a frilled lizard corpse.
Found 6 gold pieces.
Found a runed translucent door.
Found a lumpy purple potion.
Brotato's ghost turns its malevolent gaze towards you.
You now have 153 gold pieces (gained 6).
You open the door. You slash Brotato's ghost!
Brotato's ghost is moderately damaged.
You block Brotato's ghost's attack. Brotato's ghost hits you.
You hit Brotato's ghost but do no damage.
Brotato's ghost is moderately damaged.
You block Brotato's ghost's attack.
You hit Brotato's ghost but do no damage.
Your headbutt misses Brotato's ghost.
Brotato's ghost is moderately damaged.
Brotato's ghost hits you!
You barely miss Brotato's ghost.
Brotato's ghost is moderately damaged.
Brotato's ghost barely misses you. Brotato's ghost hits you!
You hit Brotato's ghost but do no damage.
Brotato's ghost is moderately damaged.
Brotato's ghost hits you.
You are too injured to fight recklessly!
You are too injured to fight recklessly!
You are too injured to fight recklessly!
Brotato's ghost hits you!
* * * LOW HITPOINT WARNING * * *
Brotato's ghost attacks as you move away!
Brotato's ghost hits you!
You die...
Fedhas appreciates your contribution to the ecosystem.

###......
#########.....#.#
#.........#...#..
######.....###...###
#P8P#......#........
#.!.#........#...###
##'###.....####### #
#.W.##.....# #
#..@.......#
##...####### #####


You could see Brotato's ghost.

Vanquished Creatures
  An orc priest (D:3)
  An orc wizard (D:3)
  2 adders (D:3)
  2 worms (D:2)
  3 orcs (D:3)
  5 ball pythons
  2 endoplasms
  A giant cockroach (D:3)
  4 goblins
  4 hobgoblins
  2 quokkas
  A bat (D:2)
  2 frilled lizards
  2 kobolds
  2 rats
34 creatures vanquished.

Vanquished Creatures (others)
  10 plants (D:3)
10 creatures vanquished.

Grand Total: 44 creatures vanquished

Notes
Turn   | Place    | Note
-------+----------+-------------------------------------------
     0 | D:1      | pericles the Minotaur Fighter began the quest for the Orb.
     0 | D:1      | Reached XP level 1. HP: 19/19 MP: 0/0
   285 | D:1      | Found a faded altar of an unknown god.
   311 | D:1      | Prayed at the altar of an unknown god.
   311 | D:1      | Became a worshipper of Fedhas Madash
   311 | D:1      | Reached * piety under Fedhas
   460 | D:2      | Reached XP level 2. HP: 27/27 MP: 1/1
   537 | D:2      | Reached skill level 4 in Fighting
   756 | D:2      | You fall into a shaft and drop 1 floor!
   807 | D:3      | Reached XP level 3. HP: 28/33 MP: 2/2
   819 | D:3      | Found a basalt altar of Yredelemnul.
   917 | D:3      | Reached XP level 4. HP: 39/41 MP: 3/3
   923 | D:3      | Reached skill level 5 in Fighting
   953 | D:3      | Reached ** piety under Fedhas
  1078 | D:3      | Found a runed translucent door.
  1079 | D:3      | Noticed Brotato's ghost (amateur PaFi)
  1092 | D:3      | Slain by Brotato's ghost

Illustrated notes

Levels and vault maps discovered:
D:1:      mrwooster_arrival_statue_3, layout_basic, basic_ecumenical_altar
D:2:      layout_basic, serial_corexii_hall, corexii_hall_statues_u,
          corexii_hall_statues_i, corexii_hall_statues_i
D:3:      layout_rooms, mainiacjoe_overflow_concentric_impassable,
          gammafunk_ghost_grave, serial_bayou_ford_a, kennysheep_generic_room_8

Skill      XL: |  1  2  3  4 |
---------------+-------------+-----
Fighting       | 4 5 |  5.0
Shields        | 4 |  4.8
Axes           | 3 |  3.4
Armour         | |  3.8
Dodging        | |  0.2

Action                   |  1- 3 |  4- 6 || total
-------------------------+-------+-------++-------
Melee: War axe           |    50 |    20 ||    70
       Headbutt          |     5 |     1 ||     6
Armor: Scale mail        |    17 |     8 ||    25
Dodge: Dodged            |    15 |     5 ||    20
Block: Buckler           |    28 |     8 ||    36

Table legend: (Time is in decaauts)
 A = Elapsed time spent in this place.
 B = Non-inter-level travel time spent in this place.
 C = Inter-level travel time spent in this place.
 D = Time resting spent in this place.
 E = Time spent auto-exploring this place.
 F = Levels seen in this place.
 G = Mean time per level.
                   A        B        C        D        E       F      G
               +--------+--------+--------+--------+--------+-----+--------+
         Total |   1125 |   1071 |     54 |      0 |      0 |   3 |  375.0 |
       Dungeon |   1125 |   1071 |     54 |      0 |      0 |   3 |  375.0 |
               +--------+--------+--------+--------+--------+-----+--------+

Top non-repeatable levels by time:
     D:2: 413 daAuts
     D:3: 357 daAuts
     D:1: 354 daAuts
